 Dungeon Crawl Stone Soup version 0.31.0-12-g77e489cdc1 (webtiles) character file.

Game seed: 15099874624918618060

496 booth the Purveyor of Pain (level 6, 0/41 HPs)
             Began as a Demonspawn Necromancer on Feb 11, 2024.
             Was an Initiate of Kikubaaqudgha.
             Slain by an iguana (11 damage)
             ... on level 5 of the Dungeon.
             The game lasted 00:36:38 (3674 turns).

booth the Purveyor of Pain (Demonspawn Necromancer) Turns: 3674, Time: 00:36:38

Health: 0/41       AC: 14    Str: 16    XL:     6   Next: 93%
Magic:  8/11       EV:  2    Int: 16    God:    Kikubaaqudgha [......]
Gold:   196        SH:  0    Dex: 16    Spells: 4/12 levels left

rFire   . . .        q - +3 dagger of Zeploacs {drain, ^Drain rElec Dex+3}
rCold   . . .        (no shield)
rNeg    . . .        e - +0 ring mail
rPois   .            o - +2 hat
rElec   +            m - +0 cloak
rCorr   .            (no gloves)
SInv    .            (no boots)
Will    .....        (no amulet)
Stlth   ++           l - +6 ring of strength
HPRegen 0.26/turn    (no ring)
MPRegen 0.12/turn

%: no passive effects
@: sleeping, sanguine armoured, animating dead
A: ignite blood 1, spiny 1, sanguine armour 1, weakness stinger 1
a: Renounce Religion


You were on level 5 of the Dungeon.
You worshipped Kikubaaqudgha.
Kikubaaqudgha was noncommittal.
You visited 2 branches of the dungeon, and saw 6 of its levels.

You collected 196 gold pieces.

Inventory:

Hand Weapons
 c - a +1 short sword
 q - the +3 dagger of Zeploacs (weapon) {drain, ^Drain rElec Dex+3}
   (You found it on level 3 of the Dungeon)

   Dex+3:     It affects your dexterity (+3).
   rElec:     It insulates you from electricity.
   ^Drain:    It drains your maximum health when unequipped.
Armour
 b - the +2 robe "Iceufost" {Harm Will+ Str-3}
   (You found it on level 2 of the Dungeon)

   Str-3:     It affects your strength (-3).
   Will+:     It increases your willpower.
   Harm:      It increases damage dealt and taken.
 e - a +0 ring mail (worn)
 k - a +0 leather armour
 m - a +0 cloak (worn)
 o - a +2 hat (worn)
Jewellery
 l - a +6 ring of strength (left hand)
Wands
 t - a wand of flame (10)
Scrolls
 d - 4 scrolls of immolation
 f - 2 scrolls of vulnerability
 g - 3 scrolls of teleportation
 h - a scroll of fear
 j - a scroll of fog
 r - a scroll of enchant armour {unknown}
 v - 3 scrolls of identify
Potions
 a - 2 potions of lignification
 i - 5 potions of curing
 n - a potion of cancellation {unknown}
 p - a potion of heal wounds {unknown}
 s - a potion of mutation {unknown}
 u - a potion of magic


   Skills:
 + Level 1.1 Short Blades
 + Level 1.3 Armour
 - Level 2.3 Dodging
 - Level 2.3 Stealth
 + Level 3.9 Spellcasting
 * Level 7.2 Necromancy


You had 4 spell levels left.
You knew the following spells:

 Your Spells              Type           Power      Damage    Failure   Level
a - Necrotise             Necr           100%       1d9       1%          1
b - Vampiric Draining     Necr           26%        2d7       4%          3
c - Animate Dead          Necr           26%        N/A       17%         4

Your spell library contained the following spells:

 Spells                   Type           Power      Damage    Failure   Level
 Apportation              Tloc           6%         N/A       32%         1
 Slow                     Hex            12%        N/A       32%         1
 Sting                    Conj/Alch      12%        1d3       32%         1
 Summon Small Mammal      Summ           12%        N/A       32%         1
 Confusing Touch          Hex            3%         N/A       69%         3
 Sigil of Binding         Hex            3%         N/A       69%         3
 Summon Ice Beast         Ice/Summ       3%         N/A       69%         3
 Brom's Barrelling Bould  Conj/Erth      3%         2d3       97%         4
 Curse of Agony           Necr           26%        N/A       43%         5
 Fireball                 Conj/Fire      1%         3d3       100%        5
 Iskenderun's Battlesphe  Conj           3%         2d6       100%        5
 Summon Mana Viper        Hex/Summ       3%         N/A       100%        5
 Conjure Ball Lightning   Conj/Air       1%         3x3d6     100%        6
 Monstrous Menagerie      Summ           1%         N/A       100%        7
 Orb of Destruction       Conj           1%         9d5       100%        7


Dungeon Overview and Level Annotations

Branches:
Dungeon (5/15)             Temple (1/1) D:4

Altars:
Ashenzari
Cheibriados
Dithmenos
Fedhas
Hepliaklqana
Kikubaaqudgha
Makhleb
Sif Muna
Trog
Uskayaw
Vehumet
Wu Jian
Xom
Yredelemnul


Innate Abilities, Weirdness & Mutations

Your demonic aura sometimes causes spilled blood to erupt in flames.
You are partially covered in sharp spines.
When seriously injured, your blood forms armour. (AC +6)
You have a small tail.


Message History

The adder closely misses you.
You barely miss the adder.
The adder is almost dead.
The adder bites you but does no damage. The iguana is struck by your spines.
The iguana bites you!
Your blood congeals into armour.
You hit the adder.
You kill the adder!
Kikubaaqudgha accepts your kill.
The dead are slithering!
You hit the sleepcap but do no damage. You drain the sleepcap.
The sleepcap is lightly damaged.
The iguana bites you but does no damage.
Your adder zombie barely misses the iguana.
The sleepcap releases spores at you but does no damage.
You hit the sleepcap. You drain the sleepcap.
The sleepcap is moderately damaged.
The iguana bites you but does no damage.
Your adder zombie bites the iguana but does no damage.
You hit the sleepcap but do no damage.
The sleepcap is moderately damaged.
The sleepcap barely misses you. The iguana bites you!
* * * LOW HITPOINT WARNING * * *
Your adder zombie bites the iguana but does no damage.
You hit the sleepcap. You drain the sleepcap.
The sleepcap is heavily damaged.
The sleepcap is struck by your spines.
The sleepcap releases spores at you but does no damage.
The iguana hisses menacingly.
The iguana is struck by your spines.
The iguana bites you but does no damage.
Your adder zombie bites the iguana but does no damage.
You hit the sleepcap but do no damage.
The sleepcap is severely damaged.
The sleepcap releases spores at you.
* * * LOW HITPOINT WARNING * * *
You are engulfed in a cloud of soporific spores!
You fall asleep.
The iguana bites you!
You die...
Kikubaaqudgha rasps: "You have failed me!
Welcome... death!"

......#..........~#
.......#.........~~#
.......#.......~~~~#
. #..)....~~~~# .#
#.♣_....~~~~# ..
#........~~~#
#(.(....(..~#
######.###### #@#.#


#flZ# #.### #.# #.# ..# ... .... .... You could see a sleepcap (very drained),
an iguana (ally target) and a friendly adder zombie.

Vanquished Creatures
  A water moccasin (D:3)
  A scorpion (D:5)
  A bombardier beetle (D:4)
  2 orc priests (D:5)
  A hound (D:5)
  An orc wizard (D:5)
  7 adders
  A white imp (D:5)
  2 ufetubi (D:3)
  3 ribbon worms (D:3)
  7 orcs
  8 bats
  6 endoplasms
  A giant cockroach (D:2)
  5 goblins
  5 hobgoblins
  3 jackals (D:1)
  5 kobolds
  A quokka (D:4)
  16 ball pythons
  5 frilled lizards
  An orc zombie (D:4)
  2 rats
85 creatures vanquished.

Vanquished Creatures (collateral kills)
  A ribbon worm (D:4)
  A giant cockroach (D:1)
  A goblin (D:2)
  A kobold (D:1)
  A frilled lizard (D:3)
  2 rats
7 creatures vanquished.

Vanquished Creatures (others)
  A ball python zombie (D:4)
  An endoplasm zombie (D:4)
  A goblin zombie (D:4)
  An orc zombie (D:5)
4 creatures vanquished.

Grand Total: 96 creatures vanquished

Notes
Turn   | Place    | Note
-------+----------+-------------------------------------------
     0 | D:1      | booth the Demonspawn Necromancer began the quest for the
                  | Orb.
     0 | D:1      | Reached XP level 1. HP: 13/13 MP: 3/3
   224 | D:1      | Gained mutation: Your demonic aura sometimes causes spilled
                  | blood to erupt in flames. [demonic ancestry]
   224 | D:1      | Reached XP level 2. HP: 15/19 MP: 0/5
   885 | D:2      | Identified the +2 robe "Iceufost" {Harm Will+ Str-3}
  1080 | D:2      | Gained mutation: You have a small tail. [demonic ancestry]
  1080 | D:2      | Reached XP level 3. HP: 24/24 MP: 4/6
  1159 | D:2      | Learned a level 3 spell: Vampiric Draining
  1460 | D:2      | Reached skill level 5 in Necromancy
  1793 | D:3      | Gained mutation: You are partially covered in sharp spines.
                  | [demonic ancestry]
  1793 | D:3      | Reached XP level 4. HP: 30/30 MP: 4/7
  1982 | D:3      | Found a blossoming altar of Fedhas.
  2315 | D:3      | Identified the +3 dagger of Zeploacs {drain, ^Drain rElec
                  | Dex+3}
  2403 | D:3      | Noticed a water moccasin
  2409 | D:3      | Killed a water moccasin
  2410 | D:3      | Reached skill level 6 in Necromancy
  2410 | D:3      | Gained mutation: When seriously injured, your blood forms
                  | armour. (AC +6) [demonic ancestry]
  2410 | D:3      | Reached XP level 5. HP: 26/35 MP: 0/10
  2416 | D:3      | Learned a level 4 spell: Animate Dead
  2632 | D:4      | Found a hide-covered altar of Uskayaw.
  3033 | D:4      | Found a shimmering blue altar of Sif Muna.
  3091 | D:4      | Reached XP level 6. HP: 41/41 MP: 9/11
  3144 | D:4      | Found a staircase to the Ecumenical Temple.
  3166 | Temple   | Entered the Ecumenical Temple
  3193 | Temple   | Became a worshipper of Kikubaaqudgha
  3367 | D:5      | Entered Level 5 of the Dungeon
  3499 | D:5      | Reached skill level 1 in Armour
  3501 | D:5      | Reached skill level 7 in Necromancy
  3564 | D:5      | Reached skill level 1 in Short Blades
  3634 | D:5      | Found an ornate altar of the Wu Jian Council.
  3674 | D:5      | Slain by an iguana

Illustrated notes

Levels and vault maps discovered:
D:1:      lightli_arrival_quake, layout_loops_ring,
          chequers_serial_rivers_small_a
D:2:      layout_basic
D:3:      layout_rooms, fedhas_altar_2
D:4:      layout_cave_pools, nicolae_sif_muna_little_library,
          nicolae_uskayaw_dance_hall, minmay_temple_entry_nine_rooms
D:5:      layout_rooms, nzn_wu_jian_contemplation, serial_aquarium,
          aquarium_bridge_long_joined [aquarium_subvault_bridge,
          aquarium_subvault_window, aquarium_subvault_balcony,
          aquarium_subvault_window, aquarium_subvault_wall,
          aquarium_subvault_bridge], aquarium_bridge_island_small
          [aquarium_subvault_small_water, aquarium_subvault_balcony,
          aquarium_subvault_wall, aquarium_subvault_bridge,
          aquarium_subvault_bridge], aquarium_window_1, aquarium_window_2,
          aquarium_window_fake, aquarium_view_2g, minmay_misc_feat_square,
          lightli_corner_chamber, uniq_menkaure
Temple:   hc_temple_tempest_star

Skill      XL: |  1  2  3  4  5  6 |
---------------+-------------------+-----
Stealth        | 2 |  2.3
Dodging        | 2 |  2.3
Necromancy     | 5 6 7 |  7.2
Spellcasting   | 3 |  3.9
Armour         | 1 |  1.3
Short Blades   | 1 |  1.1

Action                     |  1- 3 |  4- 6 || total
---------------------------+-------+-------++-------
  Melee: Unarmed           |    14 |       ||    14
         Short sword       |    30 |    23 ||    53
         Tailslap          |       |     9 ||     9
         Dagger            |       |    70 ||    70
         Punch             |       |     1 ||     1
   Cast: Necrotise         |    53 |    36 ||    89
         Vampiric Draining |       |     1 ||     1
         Animate Dead      |       |     6 ||     6
  Evoke: Wand              |       |     2 ||     2
    Use: Potion            |     1 |       ||     1
         Scroll            |     4 |     6 ||    10
   Stab: Distracted        |       |     2 ||     2
 Armour: Robe              |    39 |       ||    39
         Leather armour    |       |    25 ||    25
         Ring mail         |       |    44 ||    44
  Dodge: Dodged            |    55 |    45 ||   100
